 Dungeon Crawl Stone Soup version 0.20-a0-556-g892c87b (webtiles) character file.

52457 terra52 the Fighter (level 14, -3/83 HPs)
             Began as a Vine Stalker Berserker on Feb 5, 2017.
             Was the Champion of Trog.
             Slain by a seven-headed hydra simulacrum (24 damage)
             ... in an ice cave on Feb 6, 2017.
             The game lasted 01:19:52 (17128 turns).

terra52 the Fighter (Vine Stalker Berserker)       Turns: 17128, Time: 01:19:53

Health: -3/83      AC: 21    Str: 29    XL:     14   Next: 64%
Magic:  0/24       EV: 11    Int:  5    God:    Trog [******]
Gold:   1567       SH:  0    Dex: 12    Spells: 13/13 levels left

rFire    + . .     SeeInvis +   Q - +3 great sword (holy)
rCold    . . .     Gourm    .   W - +5 scale mail of Ussujij {rPois rF+ MR+++ Int-4 Stlth+}
rNeg     . . .     Faith    .   (shield currently unavailable)
rPois    +         Spirit   +   v - +2 hat {MR+}
rElec    .         Reflect  .   U - +2 cloak
rCorr    .         Harm     .   z - +0 pair of gloves of Zin's Generosity {MP+9 Str+4 Dex-2 Stlth+}
MR       +++++                  (no boots)
Stlth    ++........             B - amulet of regeneration
Regen    1.5/turn               S - ring of poison resistance
                                f - ring of see invisible

@: studying Transmutations
A: antennae 1, fangs 3, talons 1, clever 1, magic resistance 2, regeneration 2,
wild magic 1, evolution 2, magic shield, antimagic bite, no potion heal 3, rot
immunity
a: Berserk, Trog's Hand, Brothers in Arms, Burn Spellbooks, Renounce Religion


You were in an ice cave.
You worshipped Trog.
Trog was exalted by your worship.
You were not hungry.

You visited 5 branches of the dungeon, and saw 19 of its levels.
You also visited: Ice Cave and Volcano.

You collected 1871 gold pieces.
You spent 304 gold pieces at shops.

Inventory:

Hand Weapons
 b - a +3 dagger of holy wrath
 i - a +4 scimitar of flaming
 w - the +0 falchion "Ogreslayer" {vamp, rF+ Dex+7}
   (You found it on level 3 of the Lair of Beasts)

   It inflicts no extra harm, but heals its wielder when it wounds a living foe.
   It affects your dexterity (+7).
   It protects you from fire.
 J - the +7 hand crossbow of Spores {flame, +Blink rN+}
   (You found it on level 10 of the Dungeon)

   It causes projectiles fired from it to burn those they strike, causing extra
   injury to most foes and up to half again as much damage against particularly
   susceptible opponents.
   It protects you from negative energy.
   It lets you blink.
 K - a +2 long sword of slicing
 Q - a +3 great sword of holy wrath (weapon)
 Z - a +2 antimagic double sword
Missiles
 n - 8 steel javelins
 t - 23 bolts
 E - 2 silver javelins (quivered)
 H - 19 tomahawks
 O - 4 javelins
 R - 5 poisoned javelins
 T - 6 tomahawks of returning
Armour
 v - a +2 hat of magic resistance (worn)
 z - the +0 pair of gloves of Zin's Generosity (worn) {MP+9 Str+4 Dex-2 Stlth+}
   (You bought it in a shop on level 1 of the Orcish Mines)

   It affects your strength (+4).
   It affects your dexterity (-2).
   It affects your magic capacity (+9).
   It makes you more stealthy.
 N - a +2 pair of gloves
 U - a +2 cloak (worn)
 W - the +5 scale mail of Ussujij (worn) {rPois rF+ MR+++ Int-4 Stlth+}
   (You found it on level 8 of the Dungeon)

   It affects your intelligence (-4).
   It protects you from fire.
   It protects you from poison.
   It affects your resistance to hostile enchantments.
   It makes you more stealthy.
Jewellery
 f - a ring of see invisible (left hand)
 u - an uncursed ring of resist corrosion
 B - an amulet of regeneration (around neck)
 S - a ring of poison resistance (right hand)
Wands
 j - a wand of acid (12/15)
 D - a wand of enslavement (14/24)
Scrolls
 a - 2 scrolls of fear
 g - 8 scrolls of remove curse
 k - 2 scrolls of enchant weapon
 s - 3 scrolls of teleportation
 y - 2 scrolls of blinking
 C - 2 scrolls of fog
 F - 2 scrolls of enchant armour
 G - 3 scrolls of immolation
 L - a scroll of recharging
 P - a scroll of magic mapping
 X - 2 scrolls of summoning
 Y - 4 scrolls of identify
Potions
 d - 9 potions of curing
 e - 3 potions of resistance
 h - 7 potions of lignification
 m - 3 potions of agility
 p - 2 potions of might
 q - 4 potions of brilliance
 A - a potion of flight
 I - a potion of berserk rage
 M - 2 potions of haste
Books
 l - a book of Frost

   Spells                             Type                      Level
   a - Freeze                         Ice                          1
   b - Throw Frost                    Conjuration/Ice              2
   c - Ozocubu's Armour               Charms/Ice                   3
   d - Throw Icicle                   Conjuration/Ice              4
   e - Summon Ice Beast               Ice/Summoning                4
   Trog disapproves of the use of such an item.
 V - a manual of Transmutations Trog disapproves of the use of such an item.
Miscellaneous
 x - a fan of gales
Comestibles
 c - 9 bread rations
 o - 25 royal jellies
 r - 18 fruits


   Skills:
 + Level 13.7 Fighting
 - Level 2.6(8.3) Short Blades
 + Level 12.0(12.2) Long Blades
 - Level 3.0 Throwing
 + Level 12.6 Armour
 - Level 2.0 Dodging


You had 13 spell levels left.
You didn't know any spells.

Dungeon Overview and Level Annotations

Branches:
Dungeon (11/15)            Temple (0/1) D:7            Lair (5/6) D:8
 Shoals (1/4) Lair:4       Spider (1/4) Lair:2        Slime (0/5) Lair:5
    Orc (1/2) D:11

Altars:
Ashenzari
Makhleb
Ru
Sif Muna
Xom

Shops:
D:6 (   Orc:1 *%

Portals:
Trove: D:11 (give +3 storm dragon scales)

Annotations:
D:11 exclusion: ice statue


Innate Abilities, Weirdness & Mutations

You have razor-sharp teeth.
You heal very quickly.
When hurt, damage is shared between your health and your magic reserves.
Your bite disrupts and absorbs the magic of your enemies.
Potions cannot restore your health.
You are immune to rotting.
You have a pair of small antennae on your head.
You have sharp toenails.
Your mind is acute. (Int +2)
You are highly resistant to hostile enchantments. (MR++)
Your spells are a little harder to cast, but a little more powerful.
You rapidly evolve.


Message History

You riposte.
You slice the harpy simulacrum!!
The harpy simulacrum vapourises!
Trog accepts your kill.
You lop one of the eight-headed hydra simulacrum's heads off!
You slash the seven-headed hydra simulacrum!
The seven-headed hydra simulacrum convulses.
You claw the seven-headed hydra simulacrum, but do no damage.
The seven-headed hydra simulacrum is moderately damaged.
The seven-headed hydra simulacrum bites you.
The seven-headed hydra simulacrum freezes you!
The seven-headed hydra simulacrum bites you but does no damage.
The seven-headed hydra simulacrum closely misses you.
The seven-headed hydra simulacrum barely misses you.
The seven-headed hydra simulacrum bites you.
The seven-headed hydra simulacrum freezes you!!
The seven-headed hydra simulacrum bites you but does no damage.
The seven-headed hydra simulacrum bites you!
* * * LOW HITPOINT WARNING * * *
The seven-headed hydra simulacrum freezes you!!
You die...

##.#####..##
#...###..##
##§§....##
###§§#....#
..#§####.##
#.#§§####### ##
#.#§§##§##.## Z
#.##§§§§.##.##
..###{##@##§.§§..#.#
#≈≈..#Z######§§#..#
#Z..### ##§##.#
##..#.# ####.#
##..§## #.## ##..§#
##.# ###§## ##§.#
##§###§§## #§##§§§##


You could see a seven-headed hydra simulacrum and a harpy simulacrum
(wandering).

Vanquished Creatures
  Gastronok (Lair:3)
  An emperor scorpion (Spider:1)
  The ghost of terra52 the Fighter, a journeyman VSBe of Trog (Spider:1)
  5 hydras
  Harold (D:10)
  A catoblepas (Lair:4)
  Erica (D:8)
  5 two-headed ogres
  An unseen horror (D:9)
  An orb spider (Lair:2)
  3 wolf spiders (Spider:1)
  An ugly thing (D:10)
  2 orc knights
  2 cyclopes (D:11)
  2 manticores
  A rust devil (D:8)
  3 molten gargoyles (Volcano)
  A water nymph (Shoals:1)
  4 black mambas
  6 spiny frogs
  An ice statue (IceCv)
  4 rime drakes (Lair:5)
  7 komodo dragons
  2 efreet (Volcano)
  3 freezing wraiths (IceCv)
  A queen bee (Lair:2)
  A jumping spider (Spider:1)
  A polar bear (Lair:5)
  2 trolls
  A snapping turtle (Shoals:1)
  A slime creature (Lair:5)
  12 hippogriffs
  11 wyverns
  40 yaks
  Eustachio (D:6)
  2 steam dragons
  Grum (D:8)
  5 fire elementals (Volcano)
  A tarantella (Spider:1)
  13 basilisks
  A death yak simulacrum (IceCv)
  2 hungry ghosts
  An iron troll simulacrum (IceCv)
  A harpy simulacrum (IceCv)
  7 water moccasins
  2 hydra simulacra (IceCv)
  5 porcupines
  15 orc warriors
  2 ice beasts
  3 sky beasts
  5 necrophages
  3 phantoms
  16 wolves
  6 centaurs
  6 ogres
  5 crocodiles
  2 big kobolds (D:11)
  10 bullfrogs
  3 earth elementals (Volcano)
  A water moccasin zombie (D:9)
  2 troll zombies (D:11)
  4 scorpions
  20 killer bees
  3 wights (D:9)
  5 howler monkeys
  3 crimson imps
  2 centaur zombies
  2 draconian simulacra (IceCv)
  6 hounds
  3 bullfrog zombies
  11 orc priests
  A bullfrog skeleton (D:7)
  9 jellies
  11 orc wizards
  Crazy Yiuf (D:3)
  Jessica (D:6)
  3 iguanas
  3 troll simulacra (IceCv)
  9 worker ants
  3 spriggan simulacra (IceCv)
  2 centaur simulacra (IceCv)
  4 ogre zombies (D:11)
  A hound skeleton (D:7)
  2 mummies (D:9)
  A howler monkey zombie (D:6)
  A howler monkey skeleton (D:5)
  2 worker ant zombies
  4 gnolls
  An ogre simulacrum (IceCv)
  12 adders
  4 naga simulacra (IceCv)
  4 shadow imps
  3 white imps (IceCv)
  2 ufetubi (IceCv)
  5 oozes (D:8)
  An adder skeleton (D:9)
  2 worms
  2 dart slugs
  5 leopard geckos
  45 orcs
  6 giant cockroaches
  7 goblins
  13 hobgoblins
  3 jackals (D:9)
  7 quokkas
  2 ball pythons
  A ball python skeleton (D:4)
  9 bats
  7 frilled lizards
  A giant cockroach zombie (D:5)
  2 goblin skeletons (D:11)
  2 goblin zombies (D:11)
  A hobgoblin skeleton (D:11)
  A hobgoblin zombie (D:11)
  A jackal skeleton (D:5)
  16 kobolds
  6 orc skeletons (D:11)
  7 orc zombies (D:11)
  A quokka skeleton (D:8)
  5 rats
  A bush (Lair:2)
  A fire vortex (Volcano)
554 creatures vanquished.

Vanquished Creatures (collateral kills)
  An orc knight (D:11)
  2 iron troll simulacra (IceCv)
  A warg (D:11)
  An orc warrior (D:11)
  A troll simulacrum (IceCv)
6 creatures vanquished.

Vanquished Creatures (others)
  3 ufetubi (IceCv)
  2 bushes (Lair:5)
  14 fungi
  25 plants
44 creatures vanquished.

Grand Total: 604 creatures vanquished

Notes
Turn   | Place    | Note
-------+----------+-------------------------------------------
     0 | D:1      | terra52 the Vine Stalker Berserker began the quest for the Orb.
     0 | D:1      | Reached XP level 1. HP: 11/11 MP: 2/2
   176 | D:1      | Reached XP level 2. HP: 12/16 MP: 3/3
   178 | D:1      | Reached skill level 3 in Fighting
   949 | D:2      | Reached XP level 3. HP: 20/20 MP: 4/4
   973 | D:2      | Reached ** piety under Trog
  1305 | D:2      | Gained mutation: Your natural rate of healing is unusually fast. [Vine Stalker growth]
  1305 | D:2      | Reached XP level 4. HP: 24/24 MP: 2/5
  1517 | D:2      | You fall through a shaft for 2 floors!
  1536 | D:4      | Gained mutation: You are resistant to hostile enchantments. (MR+) [potion of mutation]
  1536 | D:4      | Gained mutation: Your mind is acute. (Int +2) [potion of mutation]
  1536 | D:4      | Gained mutation: You evolve. [potion of mutation]
  1807 | D:3      | Reached skill level 4 in Fighting
  1807 | D:3      | Reached XP level 5. HP: 29/29 MP: 6/6
  2420 | D:3      | Found a runed door.
  2425 | D:3      | Noticed Crazy Yiuf
  2433 | D:3      | Killed Crazy Yiuf
  2557 | D:3      | Reached XP level 6. HP: 34/34 MP: 7/7
  2662 | D:4      | Noticed an ice beast
  2670 | D:4      | Killed an ice beast
  2675 | D:4      | Reached *** piety under Trog
  2730 | D:4      | Reached skill level 5 in Fighting
  2872 | D:4      | Reached skill level 1 in Throwing
  2872 | D:4      | Reached XP level 7. HP: 39/39 MP: 8/8
  3248 | D:5      | Entered Level 5 of the Dungeon
  3551 | D:4      | Gained mutation: You are highly resistant to hostile enchantments. (MR++) [evolution]
  3596 | D:5      | Reached skill level 6 in Fighting
  3596 | D:5      | Reached skill level 5 in Armour
  3596 | D:5      | Gained mutation: You have razor-sharp teeth. [Vine Stalker growth]
  3596 | D:5      | Reached XP level 8. HP: 44/44 MP: 9/9
  4221 | D:6      | Noticed Eustachio
  4227 | D:6      | Killed Eustachio
  4227 | D:6      | Reached skill level 7 in Fighting
  4227 | D:6      | Reached skill level 1 in Long Blades
  4354 | D:6      | Found Pilyad Muq's Weapon Shop.
  4364 | D:6      | Reached **** piety under Trog
  4536 | D:6      | Found a shattered altar of Ashenzari.
  4632 | D:6      | Noticed Jessica
  4640 | D:6      | Found a deep blue altar of Sif Muna.
  4641 | D:6      | Killed Jessica
  4902 | D:7      | Reached XP level 9. HP: 50/50 MP: 10/10
  5086 | D:7      | Found a staircase to the Ecumenical Temple.
  5409 | D:7      | Reached skill level 8 in Fighting
  5425 | D:7      | Reached XP level 10. HP: 43/57 MP: 11/11
  5486 | D:7      | Reached skill level 5 in Long Blades
  5666 | D:8      | Noticed Erica
  5675 | D:8      | Killed Erica
  5711 | D:8      | Reached skill level 9 in Fighting
  5734 | D:8      | Found a sacrificial altar of Ru.
  5856 | D:8      | Found a shimmering altar of Xom.
  5857 | D:8      | Found a burning altar of Makhleb.
  5911 | D:8      | Reached ***** piety under Trog
  5946 | D:8      | Noticed a two-headed ogre
  5985 | D:8      | Killed a two-headed ogre
  6059 | D:8      | Got a shimmering scale mail
  6070 | D:8      | Identified the +5 scale mail of Ussujij {rPois rF+ MR+++ Int-4 Stlth+} (You found it on level 8 of the Dungeon)
  6077 | D:7      | Noticed a rust devil
  6077 | D:7      | Noticed a rust devil
  6083 | D:8      | Killed a rust devil
  6111 | D:8      | Gained mutation: You rapidly evolve. [evolution]
  6384 | D:8      | Noticed Grum
  6388 | D:8      | Received a gift from Trog
  6395 | D:8      | Killed Grum
  6395 | D:8      | Reached XP level 11. HP: 63/63 MP: 12/12
  6761 | D:8      | Found a staircase to the Lair.
  6911 | D:8      | Noticed a two-headed ogre
  6920 | D:8      | Killed a two-headed ogre
  6920 | D:8      | Reached skill level 10 in Fighting
  6960 | D:8      | Noticed a two-headed ogre
  6970 | D:8      | Killed a two-headed ogre
  7073 | Lair:1   | Entered Level 1 of the Lair of Beasts
  7376 | Lair:1   | Gained mutation: Armour fits poorly on your strangely shaped body. [evolution]
  7509 | Lair:1   | Noticed a six-headed hydra
  7536 | Lair:1   | Killed a three-headed hydra
  8045 | Lair:2   | Found a hole to the Spider Nest.
  8045 | Lair:2   | Noticed an orb spider
  8265 | Lair:2   | Received a gift from Trog
  8478 | Lair:2   | Noticed a seven-headed hydra
  8485 | Lair:2   | Killed a four-headed hydra
  8760 | Lair:3   | Noticed a four-headed hydra
  8773 | Lair:3   | Killed a two-headed hydra
  8773 | Lair:3   | Reached skill level 10 in Armour
  8773 | Lair:3   | Gained mutation: You heal very quickly. [Vine Stalker growth]
  8773 | Lair:3   | Reached XP level 12. HP: 69/69 MP: 13/13
  8788 | Lair:3   | Found a dark tunnel.
  8826 | Volcano  | Entered a volcano
  8888 | Volcano  | Reached skill level 11 in Fighting
  9301 | Volcano  | Lost mutation: Armour fits poorly on your strangely shaped body. [evolution]
  9301 | Volcano  | Lost mutation: You rapidly evolve. [end of evolution]
  9569 | Lair:3   | Noticed Gastronok
  9579 | Lair:3   | Killed Gastronok
  9816 | Lair:3   | Got a dazzling falchion
  9826 | Lair:3   | Identified the cursed +0 falchion "Ogreslayer" {vamp, rF+ Dex+7} (You found it on level 3 of the Lair of Beasts)
 10407 | Lair:4   | Found a staircase to the Shoals.
 10408 | Lair:4   | Noticed a seven-headed hydra
 10419 | Lair:4   | Reached skill level 10 in Long Blades
 10422 | Lair:4   | Killed a ten-headed hydra
 10600 | Lair:4   | Noticed a catoblepas
 10624 | Lair:4   | Killed a catoblepas
 10624 | Lair:4   | Reached skill level 12 in Fighting
 10624 | Lair:4   | Reached XP level 13. HP: 51/75 MP: 14/14
 10919 | Lair:4   | Found a shattered altar of Ashenzari.
 11553 | Lair:5   | Found a staircase to the Slime Pits.
 12708 | D:9      | Reached ****** piety under Trog
 12731 | D:9      | Received a gift from Trog
 13168 | D:10     | Entered Level 10 of the Dungeon
 13182 | D:10     | Got a crystal hand crossbow
 13183 | D:10     | Identified the +7 hand crossbow of Spores {flame, +Blink rN+} (You found it on level 10 of the Dungeon)
 13390 | D:10     | Reached skill level 13 in Fighting
 13747 | D:10     | Noticed Harold
 13760 | D:10     | Killed Harold
 13760 | D:10     | Reached XP level 14. HP: 82/82 MP: 15/15
 13772 | D:10     | Gained mutation: You have a pair of small antennae on your head. [mutagenic meat]
 13773 | D:10     | Gained mutation: Your spells are a little harder to cast, but a little more powerful. [mutagenic meat]
 13775 | D:10     | Gained mutation: You have sharp toenails. [mutagenic meat]
 14065 | D:11     | Found a staircase to the Orcish Mines.
 14104 | D:11     | Received a gift from Trog
 14425 | Orc:1    | Entered Level 1 of the Orcish Mines
 14732 | Orc:1    | Found Loci's Food Boutique.
 14823 | Orc:1    | Found a burning altar of Makhleb.
 14845 | Orc:1    | Found Deceont's Assorted Antiques.
 14884 | Orc:1    | Bought a pair of bloodstained gloves for 275 gold pieces
 14884 | Orc:1    | Bought a scroll labeled MET FEALUSKO for 29 gold pieces
 14900 | Orc:1    | Identified the +0 pair of gloves of Zin's Generosity {MP+9 Str+4 Dex-2 Stlth+} (You bought it in a shop on level 1 of the Orcish Mines)
 15289 | D:11     | Gained mutation: You rapidly evolve. [mutagenic meat]
 15659 | D:11     | Found a portal to a secret trove of treasure.
 15886 | D:11     | Gained mutation: You are weak. (Str -2) [evolution]
 16161 | Shoals:1 | Entered Level 1 of the Shoals
 16396 | Spider:1 | Entered Level 1 of the Spider Nest
 16396 | Spider:1 | Noticed an emperor scorpion
 16409 | Spider:1 | Killed an emperor scorpion
 16518 | Spider:1 | Noticed terra52's ghost (journeyman VSBe)
 16531 | Spider:1 | Killed terra52's ghost
 16648 | Spider:1 | Received a gift from Trog
 16674 | Spider:1 | Found a frozen archway.
 16683 | IceCv    | Entered an ice cave
 16911 | IceCv    | Received a gift from Trog
 16999 | IceCv    | Lost mutation: You are weak. (Str -2) [potion of mutation]
 17126 | IceCv    | Received a gift from Trog
 17128 | IceCv    | Slain by a seven-headed hydra simulacrum

Vault maps used:
D:1:      kennysheep_arrival_seaside
D:2:      first_bread
D:3:      uniq_crazy_yiuf_cottage
D:6:      tgw_sif, kennysheep_little_box, serial_shops, nicolae_shop_stone,
          minmay_holes, uniq_eustachio
D:7:      cheibrodos_iron_armory, temple_green
D:8:      grunt_temple_overflow_champion_of_chaos,
          nicolae_ru_great_annihilating_truth, erik_lair_dragon,
          serial_bayou_lagoon_a, hangedman_little_slice_of_home, uniq_erica,
          uniq_grum
D:9:      serial_undead, serial_undead_d, serial_undead_d, serial_undead_b,
          serial_undead_b, serial_undead_c, serial_undead_b,
          kennysheep_generic_room_10
D:10:     uniq_harold
D:11:     zombieorc1_lemuel, nicolae_trove_entry_columns, grunt_ministairs_6,
          minmay_statue_bubble
Lair:2:   nicolae_spider_entry_orb_guardian, special_room, serial_forest,
          infiniplex_forest_lined_3, infiniplex_forest_straight_1,
          infiniplex_forest_diagonal, infiniplex_forest_end_2,
          infiniplex_forest_lined_1, infiniplex_forest_diagonal,
          infiniplex_forest_end_1, infiniplex_forest_fountain,
          infiniplex_forest_lined_3, infiniplex_forest_end_1
Lair:3:   enter_volcano_1, lemuel_fruit_fields, uniq_gastronok
Lair:4:   minmay_shoals_entry_beasts, basic_altar, lemuel_fruit_tree,
          infiniplex_staircase_pool, grunt_megastairs_5
Lair:5:   minmay_slime_entry_pillars, serial_bayou_shore_b,
          minmay_lair_oklob_chamber
Spider:1: portal_ice_cave_entry_pillars_1, spider_trap
Orc:1:    basic_altar, serial_shops, shop, nicolae_shop_behind_doors, shop,
          nicolae_shop_temple_entry_statues_fountains, uniq_erolcha
IceCv:    ice_cave_caverns_02
Volcano:  volcano_aerie

Skill      XL: |  1  2  3  4  5  6  7  8  9 10 11 12 13 14 |
---------------+-------------------------------------------+-----
Fighting       | 3 4 5 6 7 8 9 10 12 13 | 13.7
Dodging        | 2 |  2.0
Armour         | 2 3 4 5 6 7 8 10 11 12 | 12.6
Throwing       | 1 3 |  3.0
Long Blades    | 2 4 6 8 10 11 12 | 12.0
Short Blades   | |  2.6

Action                   |  1- 3 |  4- 6 |  7- 9 | 10-12 | 13-15 || total
-------------------------+-------+-------+-------+-------+-------++-------
Melee: Short sword       |   107 |    92 |       |       |       ||   199
       Bite              |    25 |    31 |    71 |   234 |   601 ||   962
       Quarterstaff      |       |    41 |    99 |       |       ||   140
       Long sword        |       |       |   100 |   340 |       ||   440
       Dagger            |       |       |       |    35 |       ||    35
       Scimitar          |       |       |       |    31 |     3 ||    34
       Falchion          |       |       |       |    72 |   855 ||   927
       Kick              |       |       |       |       |   283 ||   283
       Great sword       |       |       |       |       |    45 ||    45
 Fire: Blowgun           |       |     2 |       |       |       ||     2
Throw: Tomahawk          |       |     6 |     3 |     5 |     3 ||    17
       Javelin           |       |       |     1 |     4 |    15 ||    20
Invok: Berserk           |     3 |     3 |     7 |    23 |    20 ||    56
       Brothers in Arms  |       |       |       |       |     2 ||     2
Evoke: Wand              |       |       |       |       |     1 ||     1
  Use: Scroll            |     1 |     5 |     2 |    19 |     9 ||    36
       Potion            |       |     1 |       |       |     4 ||     5
 Stab: Paralysed         |       |       |       |     2 |       ||     2
       Invisible         |       |       |       |       |     3 ||     3
       Distracted        |       |       |       |       |     1 ||     1
       Sleeping          |       |       |       |       |     1 ||     1
  Eat: Chunk             |     3 |     9 |    15 |    23 |    37 ||    87
       Meat ration       |       |       |       |     4 |       ||     4
       Fruit             |       |       |       |       |     3 ||     3
       Bread ration      |       |       |       |       |     2 ||     2
Armor: Leather armour    |    14 |       |       |       |       ||    14
       Plate armour      |    33 |    81 |   144 |    62 |       ||   320
       Scale mail        |       |       |       |   205 |   526 ||   731
       Fire dragon scale |       |       |       |     1 |       ||     1
Dodge: Dodged            |    44 |    59 |    84 |   230 |   497 ||   914
       Rpst.: Long sword |       |       |    18 |    51 |       ||    69
       Scimitar          |       |       |       |     4 |     2 ||     6
       Falchion          |       |       |       |    19 |   120 ||   139
       Great sword       |       |       |       |       |    10 ||    10
